 Dungeon Crawl Stone Soup version 0.27.1-1-g398f81649c (webtiles) character file.

Game seed: 8912275365512696015

3374 Thatpatchoflichen the Chiller (level 9, -6/78 HPs)
             Began as a Black Draconian Ice Elementalist on Sept 8, 2021.
             Was a Follower of Sif Muna.
             Shot with a bolt by an orc warrior (15 damage)
             ... in a bailey.
             The game lasted 00:36:20 (8249 turns).

Thatpatchoflichen the Chiller (DrIE)                Turns: 8249, Time: 00:36:21

Health: -6/78      AC: 11    Str: 10    XL:     9   Next: 74%
Magic:  26/26      EV: 29    Int: 18    God:    Sif Muna [*.....]
Gold:   375        SH:  0    Dex: 13    Spells: 8/19 levels left

rFire    . . .     SeeInvis .   w - +3 dagger (venom)
rCold    . . .     Faith    .   (no shield)
rNeg     . . .     Spirit   .   (armour unavailable)
rPois    .         Reflect  .   (helmet restricted)
rElec    +         Harm     .   f - +2 cloak
rCorr    .         Rampage  .   j - +0 pair of gloves
Will     .....                  (no boots)
Stlth    ++........             B - amulet of the acrobat
HPRegen  0.23/turn              m - ring of magical power
MPRegen  0.20/turn              (no ring)

@: acrobatic
A: breathe lightning, AC +7, unfitting armour, electricity resistance,
cold-blooded
a: Breathe Lightning, Renounce Religion, Channel Magic


You were in a bailey.
You worshipped Sif Muna.
Sif Muna was aware of your devotion.
You visited 2 branches of the dungeon, and saw 9 of its levels.
You also visited: Bailey.

You collected 375 gold pieces.

Inventory:

Hand Weapons
 q - a +2 whip of electrocution
 w - a +3 dagger of venom (weapon)
 M - a +1 vampiric halberd
Missiles
 c - 100 arrows
 e - 310 stones
 g - 3 boomerangs
 s - 57 sling bullets
 C - 63 bolts
 D - 2 throwing nets
 G - 5 boomerangs of dispersal
 O - 17 poisoned darts
Armour
 f - a +2 cloak (worn)
 j - a +0 pair of gloves (worn)
Jewellery
 m - a ring of magical power (left hand)
 p - an amulet of regeneration
 B - an amulet of the acrobat (around neck)
 J - an amulet of guardian spirit
Wands
 F - a wand of flame (14)
 N - a wand of iceblast (8)
Scrolls
 h - a scroll of summoning {unknown}
 i - 8 scrolls of identify {unknown}
 n - 3 scrolls of holy word {unknown}
 r - 3 scrolls of noise {unknown}
 t - a scroll of magic mapping {unknown}
 u - a scroll of fear {unknown}
 x - a scroll of blinking {unknown}
 y - 2 scrolls of acquirement {unknown}
 z - a scroll of enchant weapon {unknown}
 A - a scroll of fog {unknown}
 K - a scroll of enchant armour {unknown}
Potions
 a - 4 potions of heal wounds {unknown}
 b - a potion of flight {unknown}
 d - 2 potions of haste {unknown}
 k - 3 potions of curing {unknown}
 l - a potion of invisibility {unknown}
 o - 5 potions of degeneration {unknown}
 v - 2 potions of magic {unknown}
 E - a potion of attraction {unknown}
 H - a potion of might {unknown}
 I - a potion of cancellation {unknown}
 L - a potion of lignification {unknown}
 P - a potion of berserk rage {unknown}


   Skills:
 + Level 6.8 Fighting
 - Level 0.3 Short Blades
 - Level 6.0 Dodging
 - Level 1.7 Stealth
 + Level 5.7 Spellcasting
 + Level 5.8 Conjurations
 + Level 7.6 Ice Magic


You had 8 spell levels left.
You knew the following spells:

 Your Spells              Type           Power      Damage    Failure   Level
a - Freeze                Ice            100%       1d11      1%          1
b - Frozen Ramparts       Ice            64%        1d8       1%          3
c - Ozocubu's Armour      Ice            32%        N/A       1%          3
d - Hailstorm             Conj/Ice       29%        3d8       8%          4

Your spell library contained the following spells:

 Spells                   Type           Power      Damage    Failure   Level
 Corpse Rot               Necr/Air       N/A        N/A       19%         2
 Dispel Undead            Necr           5%         3d7       77%         4
 Passage of Golubria      Tloc           N/A        N/A       77%         4
 Silence                  Hex/Air        2%         N/A       98%         5
 Death Channel            Necr           2%         N/A       100%        6
 Lehudib's Crystal Spear  Conj/Erth      7%         10d3      100%        8


Dungeon Overview and Level Annotations

Branches:
Dungeon (8/15)             Temple (1/1) D:6          Bailey (1/1)
   Lair: D:8-11

Altars:
Ashenzari
Cheibriados
Dithmenos
Elyvilon
Fedhas
Gozag
Hepliaklqana
Kikubaaqudgha
Makhleb
Nemelex Xobeh
Okawaru
Qazlal
Ru
Sif Muna
Trog
Uskayaw
Vehumet
Wu Jian
Xom
Yredelemnul
Zin

Shops:
D:4 :*=[


Innate Abilities, Weirdness & Mutations

You can breathe wild blasts of lightning.
Your glossy black scales are hard. (AC +7)
You cannot fit into any form of body armour.
You are resistant to electric shocks. (rElec)
You are cold-blooded and may be slowed by cold attacks.


Message History

The orc warrior shoots a bolt.
The bolt completely misses you.
The orc warrior shoots a bolt.
The bolt misses you.
There is a gate leading back out of this place here.
The orc warrior shoots a bolt.
The bolt completely misses you.
The orc warrior shoots a bolt.
The bolt closely misses you.
The orc shoots a bolt.
The bolt completely misses you.
The orc warrior shoots a bolt.
The bolt closely misses you.
The orc shoots a bolt.
The bolt completely misses you.
The orc warrior shoots a bolt.
The bolt closely misses you.
The orc warrior shoots a bolt.
The bolt misses you.
The orc shoots a bolt.
The bolt closely misses you.
You hear a shout!
The orc warrior shoots a bolt.
The bolt closely misses you.
The orc warrior shoots a bolt.
The bolt hits you.
The orc warrior shoots a bolt.
The bolt completely misses you.
You hear a shout!
Things that are here:
a +0 arbalest; 22 bolts; a +4 scale mail The orc warrior shoots a bolt.
The bolt barely misses you.
The orc warrior shoots a bolt.
The bolt closely misses you.
The orc warrior shoots a bolt.
The bolt completely misses you.
The orc warrior shoots a bolt.
The bolt completely misses you.
The orc shoots a bolt.
The bolt misses you.
Things that are here:
a +0 arbalest; 22 bolts; a +4 scale mail The orc shoots a bolt.
The bolt misses you.
The orc warrior shoots a bolt.
The bolt hits you.
The orc shoots a bolt.
The bolt closely misses you.
There is a gate leading back out of this place here.
The orc warrior shoots a bolt.
The bolt hits you!
* * * LOW HITPOINT WARNING * * *
The orc shoots a bolt.
The bolt closely misses you.
The orc warrior shoots a bolt.
The bolt misses you.
The orc shoots a bolt.
The bolt completely misses you.
The orc warrior shoots a bolt.
The bolt hits you!
* * * LOW HITPOINT WARNING * * *
The orc shoots a bolt.
The bolt completely misses you.
The orc warrior shoots a bolt.
The bolt completely misses you.
The orc warrior shoots a bolt.
The bolt hits you!
You die...

#......≈##
#......≈≈#.#≈≈≈
#......≈≈≈≈≈≈≈≈
#..............
#o.............
#..............
#).).o.........
#..............
#∩....@........
###############


You could see an orc warrior and an orc.

Vanquished Creatures
  Pikel (D:5)
  Edmund (D:5)
  Menkaure (D:5)
  3 water moccasins (D:7)
  2 ice beasts
  3 orc warriors
  3 sky beasts
  An ogre (D:5)
  A centaur (D:5)
  A scorpion (D:7)
  3 wyvern zombies
  A gnoll sergeant (D:5)
  A wyvern skeleton (D:5)
  A water moccasin skeleton (D:4)
  An oklob sapling (D:6)
  A wight (D:5)
  A bullfrog zombie (D:6)
  A centaur zombie (D:5)
  3 jellies
  6 orc priests
  2 centaur skeletons (D:7)
  3 hounds
  2 iguanas (D:6)
  6 orc wizards
  10 gnolls
  5 river rats
  3 adders
  A howler monkey skeleton (D:7)
  A white imp (D:5)
  An adder skeleton (D:4)
  2 dart slugs
  26 orcs
  7 ball pythons
  A bat (D:1)
  6 endoplasms
  5 giant cockroaches
  10 goblins
  7 hobgoblins
  3 jackals (D:2)
  5 kobolds
  3 quokkas
  5 frilled lizards
  27 rats
177 creatures vanquished.

Vanquished Creatures (others)
  8 plants (D:6)
8 creatures vanquished.

Grand Total: 185 creatures vanquished

Notes
Turn   | Place    | Note
-------+----------+-------------------------------------------
     0 | D:1      | Thatpatchoflichen the Draconian Ice Elementalist began the
                  | quest for the Orb.
     0 | D:1      | Reached XP level 1. HP: 14/14 MP: 3/3
   436 | D:1      | Found a faded altar of an unknown god.
   748 | D:1      | Reached XP level 2. HP: 19/20 MP: 1/5
  1419 | D:2      | Reached XP level 3. HP: 26/26 MP: 6/6
  1437 | D:2      | Learned a level 3 spell: Frozen Ramparts
  1761 | D:2      | Learned a level 3 spell: Ozocubu's Armour
  2257 | D:3      | Reached skill level 1 in Fighting
  2469 | D:3      | Reached XP level 4. HP: 17/35 MP: 8/8
  2562 | D:3      | Found a sparkling altar of Nemelex Xobeh.
  3077 | D:3      | Reached skill level 5 in Ice Magic
  3077 | D:3      | Reached XP level 5. HP: 27/41 MP: 9/9
  3568 | D:4      | Found Moilue Vatos's Antique Armour Shoppe.
  3570 | D:4      | Found Qaaz's Assorted Antiques.
  3570 | D:4      | Found Nyckugih's Jewellery Shoppe.
  3577 | D:4      | Found Dunymeu's Book Shoppe.
  3749 | D:4      | Reached XP level 6. HP: 50/50 MP: 10/10
  4238 | D:5      | Entered Level 5 of the Dungeon
  4239 | D:5      | Noticed Edmund
  4253 | D:5      | Killed Edmund
  4389 | D:5      | Reached skill level 6 in Ice Magic
  4389 | D:5      | Your scales start taking on a glossy black colour.
  4389 | D:5      | Reached XP level 7. HP: 50/58 MP: 11/11
  4389 | D:5      | Gained mutation: You are resistant to electric shocks.
                  | (rElec) [Black Draconian growth]
  4560 | D:5      | Found a broken altar of Ashenzari.
  4561 | D:5      | Found a hide-covered altar of Uskayaw.
  4562 | D:5      | Found a sacrificial altar of Ru.
  4565 | D:5      | Found an ancient bone altar of Kikubaaqudgha.
  4651 | D:5      | Reached skill level 1 in Conjurations
  4728 | D:5      | Noticed Menkaure
  4739 | D:5      | Killed Menkaure
  4798 | D:5      | Noticed Pikel
  4816 | D:5      | Killed Pikel
  4817 | D:5      | Reached skill level 5 in Fighting
  4817 | D:5      | Reached skill level 5 in Dodging
  4817 | D:5      | Reached XP level 8. HP: 68/68 MP: 14/14
  5772 | D:6      | Reached XP level 9. HP: 75/75 MP: 15/15
  5884 | D:6      | Learned a level 4 spell: Hailstorm
  6050 | D:6      | Found a staircase to the Ecumenical Temple.
  6305 | Temple   | Entered the Ecumenical Temple
  6339 | Temple   | Became a worshipper of Sif Muna the Loreminder
  6788 | D:7      | Reached skill level 5 in Conjurations
  6823 | D:7      | Reached skill level 5 in Spellcasting
  6919 | D:7      | Reached skill level 7 in Ice Magic
  7120 | D:7      | Reached * piety under Sif Muna
  7646 | D:8      | Found a flagged portal.
  7655 | Bailey   | Entered a bailey
  8249 | Bailey   | Shot with a bolt by an orc warrior

Illustrated notes

Levels and vault maps discovered:
D:1:      lemuel_arrival_broad_hall, layout_basic,
          hellmonk_ecumenical_altar_lost_god
D:2:      layout_loops_ring
D:3:      layout_loops_ring, mainiacjoe_overflow_surrounded_room,
          minmay_rat_hole
D:4:      layout_gridville, hangedman_glass_teeth, minmay_shop_grid_forest,
          hangedman_decor_opposing, chequers_serial_rivers_micro_e
D:5:      minmay_chambers_of_fours, layout_loops_corners,
          chequers_temple_overflow_statue_of_worship, portal_sewer_entry_b,
          minmay_crystal_room, uniq_menkaure, uniq_edmund, uniq_pikel
D:6:      wad_woods_tower, layout_cave_pools, minmay_temple_entry_oklob
D:7:      layout_rooms, kennysheep_generic_room_6
D:8:      minmay_thinvault, layout_loops_corners, enter_bailey_8,
          nicolae_benzene_ring, small_statue_intersection, uniq_maggie,
          uniq_harold
Temple:   regret_index_temple_sphere_string
Bailey:   bailey_polearm_2, bailey

Skill      XL: |  1  2  3  4  5  6  7  8  9 |
---------------+----------------------------+-----
Dodging        | 2 3 5 6 |  6.0
Fighting       | 1 2 3 5 6 |  6.8
Spellcasting   | 3 4 5 |  5.7
Ice Magic      | 5 6 7 |  7.6
Conjurations   | 3 4 5 |  5.8
Short Blades   | |  0.3
Stealth        | |  1.7

Action                   |  1- 3 |  4- 6 |  7- 9 || total
-------------------------+-------+-------+-------++-------
Melee: Unarmed           |    22 |       |       ||    22
       Dagger            |     3 |    25 |   173 ||   201
       Tailslap          |    12 |     7 |    39 ||    58
       Short sword       |   112 |       |       ||   112
       Whip              |    10 |    73 |   131 ||   214
 Cast: Freeze            |    16 |     6 |    28 ||    50
       Frozen Ramparts   |     1 |     5 |    11 ||    17
       Ozocubu's Armour  |     1 |     2 |     7 ||    10
 Stab: Sleeping          |       |     1 |       ||     1
Armor: Skin              |    67 |    53 |   121 ||   241
Dodge: Dodged            |   127 |    81 |   402 ||   610
